Map: 시뮬레이크럼 - 래더

Players

Lambo

  • Race: Zerg Zerg
  • Spawn Location: 5:00

sOs - Winner!

  • Race: Protoss Protoss
  • Spawn Location: 11:00

Event: IEM Katowice 2020

VOD

Have the link to the VOD?

Description

Time

  • Played on: Feb. 28, 2020, 12:21 p.m.
  • Length: 6:13

All games in this series

Show
View Real Time Build Order
Export as new Build Order

Lambo Zerg 

Build Orders: Hatch First 

Get SALT Encoding   

  12  0:00  Drone  
  13  0:12  Overlord  
  13  0:16  Drone  
  14  0:30  Drone x2  
  16  0:48  Hatchery  
  15  0:51  Drone  
  15  0:55  Drone  
  17  0:57  Drone  
  18  1:08  Extractor  
  17  1:13  Spawning Pool  
  17  1:17  Drone  
  17  1:20  Drone  
  18  1:30  Drone  
  19  1:40  Drone  
  20  1:50  Overlord  
  20  2:01  Queen x2  
  22  2:02  Zergling x2  
  22  2:05  Zergling x2  
  26  2:14  Drone  
  26  2:15  Drone  
  28  2:16  Metabolic Boost  
  28  2:21  Drone  
  29  2:25  Drone  
  30  2:39  Hatchery  
  30  2:42  Drone  
  30  2:45  Drone  
  30  2:48  Overlord  
  31  2:59  Queen  
  31  3:02  Drone x2  
  31  3:05  Zergling x2  
  36  3:07  Zergling x2  
  36  3:12  Drone x3  
  40  3:14  Drone  
  40  3:19  Drone  
  42  3:20  Drone  
  42  3:26  Drone  
  43  3:33  Drone  
  44  3:40  Overlord  
  44  3:43  Extractor  
  44  3:44  Extractor, Queen  
  46  3:51  Roach Warren, Overlord  
  46  3:53  Extractor  
  46  3:54  Drone x2  
  46  3:55  Drone  
  47  3:56  Drone  
  47  4:02  Drone, Overlord  
  49  4:07  Overlord  
  49  4:10  Drone  
  49  4:14  Overlord  
  50  4:24  Overlord  
  50  4:30  Roach x8  
  66  4:36  Roach  
  68  4:41  Lair  
  70  4:45  Roach  
  70  4:46  Zergling x4  
  70  4:47  Zergling x4  
  74  4:57  Drone x3  
  83  5:00  Roach x3  
  83  5:05  Drone x4  
  86  5:09  Drone  
  86  5:10  Drone  
  86  5:16  Roach x2  
  88  5:22  Roach  
  88  5:26  Queen  
  88  5:27  Extractor  
  87  5:30  Spore Crawler  
  87  5:31  Spore Crawler  
  83  5:35  Roach  
  83  5:36  Roach  
  83  5:39  Drone x4  
  73  5:53  Overseer  
  73  6:00  Drone  
Show
View Real Time Build Order
Export as new Build Order

sOs Protoss - Winner!

Build Orders: 1 Gate Expand, Mass Adepts 

Get SALT Encoding   

  12  0:00  Probe  
  13  0:13  Probe  
  14  0:20  Pylon  
  14  0:25  Probe (Chrono Boost)  
  15  0:38  Gateway  
  15  0:39  Probe (Chrono Boost)  
  16  0:46  Probe (Chrono Boost)  
  16  0:48  Assimilator  
  17  0:54  Probe  
  18  1:06  Probe  
  18  1:10  Pylon  
  19  1:18  Probe  
  20  1:27  Cybernetics Core  
  20  1:35  Nexus  
  20  1:39  Probe  
  21  1:45  Pylon  
  21  1:51  Probe  
  22  1:54  Assimilator  
  22  2:01  Adept (Chrono Boost)  
  22  2:03  Probe  
  25  2:12  Warp Gate  
  25  2:15  Probe  
  26  2:24  Adept  
  26  2:28  Probe  
  29  2:31  Twilight Council  
  29  2:40  Probe (Chrono Boost)  
  30  2:49  Probe (Chrono Boost)  
  31  2:52  Probe (Chrono Boost)  
  31  2:54  Stalker  
  35  2:58  Probe (Chrono Boost)  
  35  3:00  Probe (Chrono Boost)  
  35  3:04  Probe (Chrono Boost), Robotics Facility  
  36  3:07  Probe  
  38  3:13  Resonating Glaives (Chrono Boost)  
  38  3:16  Probe  
  39  3:22  Probe  
  40  3:28  Probe  
  40  3:31  Gateway  
  41  3:36  Gateway  
  41  3:41  Gateway  
  41  3:45  Probe  
  41  3:46  Probe  
  43  3:49  Warp Prism (Chrono Boost)  
  45  3:58  Pylon  
  45  4:01  Probe  
  46  4:06  Dark Shrine  
  46  4:11  Pylon  
  46  4:15  Pylon  
  46  4:16  Adept  
  48  4:17  Probe  
  48  4:18  Probe  
  50  4:24  Assimilator  
  50  4:35  Adept x3  
  50  4:36  Adept  
  58  4:42  Probe x2  
  58  4:45  Pylon  
  60  4:57  Adept x4  
  68  5:11  Probe x2  
  68  5:12  Pylon  
  70  5:16  Assimilator  
  68  5:27  Dark Templar x3  
  74  5:31  Probe x2  
  78  5:55  Probe x2  

Tags
 
Add a new tag
Caveats
  • Supply blocks, unpowered buildings, or Contaminate may cause inaccurate times.
  • Supply counts are checked every 10 seconds.